 Dungeon Crawl Stone Soup version 0.21.0-3-g78d12a8 (webtiles) character file.

37 Suckerboh the Cudgeler (level 3, -1/22 HPs)
             Began as a Gargoyle Gladiator on Jan 10, 2018.
             Slain by a gnoll
             ... wielding a +2 flail of protection
              (5 damage)
             ... on level 2 of the Dungeon.
             The game lasted 00:01:53 (1537 turns).

Suckerboh the Cudgeler (Gargoyle Gladiator)         Turns: 1537, Time: 00:01:54

Health: -1/22      AC:  9    Str: 17    XL:     3   Next: 41%
Magic:  3/3        EV: 11    Int:  8    God:
Gold:   72         SH:  0    Dex: 12    Spells: 2/2 levels left

rFire    . . .     SeeInvis .   a - +0 flail
rCold    . . .     Gourm    .   (no shield)
rNeg     + . .     Faith    .   l - +0 ring mail (curse)
rPois    ∞         Spirit   .   c - +0 helmet
rElec    +         Reflect  .   (no cloak)
rCorr    .         Harm     .   (no gloves)
MR       .....                  (no boots)
Stlth    +.........             (no amulet)
HPRegen  0.07/turn              (no ring)
MPRegen  0.08/turn              (no ring)

@: no status effects
A: negative energy resistance 1, electricity resistance, unbreathing,
petrification resistance, rot immunity, AC +3
a: no special abilities


You were on level 2 of the Dungeon.
You were not hungry.

You visited 1 branch of the dungeon, and saw 3 of its levels.

You collected 72 gold pieces.

Inventory:

Hand Weapons
 a - a +0 flail (weapon)
Missiles
 d - 3 throwing nets (quivered)
Armour
 b - a +0 leather armour
 c - a +0 helmet (worn)
 l - a cursed +0 ring mail (worn)
Scrolls
 e - 2 scrolls of remove curse {unknown}
 i - a scroll of fog {unknown}
 j - a scroll of fear {unknown}
 k - a scroll of teleportation {unknown}
 o - 3 scrolls of identify {unknown}
 q - a scroll of magic mapping {unknown}
Potions
 g - 4 potions of curing {unknown}
 h - 2 potions of haste {unknown}
 m - 2 potions of invisibility {unknown}
 n - 2 potions of resistance {unknown}
 p - a potion of degeneration {unknown}
 s - a potion of might {unknown}
Comestibles
 f - 6 rations


   Skills:
 + Level 2.3 Fighting
 * Level 4.2 Maces & Flails
 - Level 1.7 Throwing
 + Level 0.3 Armour
 + Level 2.4 Dodging


You had 2 spell levels left.
You didn't know any spells.

Dungeon Overview and Level Annotations

Branches:
Dungeon (3/15)

Altars:


Innate Abilities, Weirdness & Mutations

You are resistant to torment.
Your stone body is resilient. (AC +3)
You are immune to poison.
You resist negative energy. (rN+)
You are resistant to electric shocks. (rElec)
You can survive without breathing.
You are immune to petrification.
You are immune to rotting.


Message History

The gnoll is heavily wounded.
The gnoll barely misses you.
There are no items here.
You closely miss the gnoll.
The gnoll is heavily wounded.
The gnoll hits you from afar with a halberd!
The gnoll hits you with a flail of protection.
The gnoll hits you with a halberd.
There is a stone staircase leading up here.
The gnoll hits you from afar with a halberd!
* * * LOW HITPOINT WARNING * * *
You climb upwards.
There is a stone staircase leading down here.
Unknown command.
Unknown command.
You barely miss the gnoll. The gnoll hits you but does no damage.
You hit the gnoll.
The gnoll is moderately wounded.
The gnoll hits you with a flail of protection.
You die...

#.# #.# #.....#.
###########.#####.# #..#..#.
..................########..####.
.........##......................
.........##.####..####.###..###..
.........##.# #..# #.#.........
.........##.# #..# #.#.#.......
#........##.# #g.# #.#.#..####.
#........##.## #@.# #.#.#..# #.
#........#...# #..# #.#.#..# #.
#........#...###..####.#.#..# #.
...#######.>.............#..# #.
##.# #...###..####...#..# #. #.#
##### #..# #.#.#..# #. #)# #..#
#.#....##### #.# #..#
#.#......... #.# #..#
#.##...###..


You could see a gnoll.

Vanquished Creatures
  An adder (D:2)
  2 worms (D:2)
  A leopard gecko (D:1)
  4 bats
  2 giant cockroaches (D:1)
  3 hobgoblins
  3 jackals (D:2)
  A ball python (D:2)
  A frilled lizard (D:1)
  3 kobolds
21 creatures vanquished.

Notes
Turn   | Place    | Note
-------+----------+-------------------------------------------
     0 | D:1      | Suckerboh the Gargoyle Gladiator began the quest for the Orb.
     0 | D:1      | Reached XP level 1. HP: 12/12 MP: 1/1
   276 | D:1      | Reached XP level 2. HP: 15/17 MP: 2/2
  1018 | D:2      | Reached skill level 4 in Maces & Flails
  1018 | D:2      | Reached XP level 3. HP: 21/21 MP: 3/3
  1537 | D:2      | Slain by a gnoll

Skill      XL: |  1  2 |
---------------+-------+-----
Maces & Flails | 4 |  4.2
Fighting       | |  2.3
Throwing       | |  1.7
Armour         | |  0.3
Dodging        | |  2.4

Action                   || total
-------------------------++-------
Melee: Flail             ||    58
  Eat: Chunk             ||     2
Armor: Leather armour    ||    12
       Ring mail         ||    10
Dodge: Dodged            ||    36
